 Dungeon Crawl Stone Soup version 0.29-a0-620-g13ace881f2 (webtiles) character file.

Game seed: 14012450690865115136

122 Vylera the Chiller (level 5, 0/24 HPs)
             Began as a Vine Stalker Wanderer on June 18, 2022.
             Was a Follower of Makhleb.
             Killed from afar by an orc wizard (3 damage)
             ... with a magic dart
             ... on level 2 of the Dungeon.
             The game lasted 00:04:03 (1907 turns).

Vylera the Chiller (Vine Stalker Wanderer)          Turns: 1907, Time: 00:04:03

Health: 0/24       AC:  5    Str: 13    XL:     5   Next: 6%
Magic:  0/10       EV: 10    Int: 15    God:    Makhleb [*.....]
Gold:   50         SH:  0    Dex: 14    Spells: 4/9 levels left

rFire   . . .      SeeInvis .   a - +0 trident
rCold   . . .      Faith    .   (no shield)
rNeg    . . .      Spirit   +   c - +0 ring mail
rPois   .          Reflect  .   (no helmet)
rElec   .          Harm     .   (no cloak)
rCorr   .          Rampage  .   (no gloves)
Will    .....                   (no boots)
Stlth   +.........              (no amulet)
HPRegen 0.88/turn               (no ring)
MPRegen 0.12/turn               (no ring)

@: no status effects
A: fangs 2, regeneration 1, magic shield, antimagic bite, no potion heal 2
a: Renounce Religion


You were on level 2 of the Dungeon.
You worshipped Makhleb.
Makhleb was aware of your devotion.
You visited 1 branch of the dungeon, and saw 2 of its levels.

You collected 50 gold pieces.

Inventory:

Hand Weapons
 a - a +0 trident (weapon)
 j - a +0 dagger
Armour
 c - a +0 ring mail (worn)
Scrolls
 b - a scroll of blinking
 d - a scroll of fog {unknown}
 e - a scroll of amnesia {unknown}
 h - 2 scrolls of summoning {unknown}
 i - a scroll of poison {unknown}
 k - a scroll of identify {unknown}
 l - a scroll of fear {unknown}
 n - a scroll of enchant armour {unknown}
Potions
 f - 2 potions of haste {unknown}
 g - a potion of heal wounds {unknown}
 m - 2 potions of lignification {unknown}
 o - a potion of flight {unknown}
 p - a potion of degeneration {unknown}
 q - a potion of curing {unknown}


   Skills:
 - Level 2.4 Armour
 - Level 1.0 Dodging
 + Level 2.7 Spellcasting
 - Level 2.0 Fire Magic
 * Level 4.9 Ice Magic


You had 4 spell levels left.
You knew the following spells:

 Your Spells              Type           Power      Damage    Failure   Level
a - Freeze                Ice            64%        1d8       5%          1
b - Foxfire               Conj/Fire      20%        2x1d5     28%         1
c - Frozen Ramparts       Ice            32%        1d5       17%         3

Your spell library contained the following spells:

 Spells                   Type           Power      Damage    Failure   Level
 Slow                     Hex            8%         N/A       38%         1
 Ignite Poison            Fire/Tmut/Pois 4%         N/A       67%         3
 Confusing Touch          Hex            2%         N/A       77%         3
 Vampiric Draining        Necr           2%         2d6       77%         3
 Ice Form                 Ice/Tmut       9%         N/A       83%         4


Dungeon Overview and Level Annotations

Branches:
Dungeon (2/15)

Altars:
Makhleb


Innate Abilities, Weirdness & Mutations

You have extremely sharp teeth.
Your natural rate of healing is unusually fast.
When hurt, damage is shared between your health and your magic reserves.
Your bite disrupts and absorbs the magic of your enemies.
Potions cannot restore your health.


Message History

Makhleb accepts your kill.
You hear some strange, mumbled words.
Something tries to affect you, but you resist.
You hear some strange, mumbled words.
A magic dart appears from out of thin air!
The magic dart hits you.
* * * LOW HITPOINT WARNING * * *
The orc closely misses you.
You see here a +0 war axe.
The orc attacks as you move away! The orc barely misses you.
Something completely misses you.
You hit something. Something hits you.
* * * LOW HITPOINT WARNING * * *
You hit something but do no damage. You bite something. You drain its magic.
You feel invigorated. Something hits you.
You closely miss something. Your bite misses something. Something hits you.
* * * LOW HITPOINT WARNING * * *
You barely miss something. Your bite misses something.
You hear some strange, mumbled words.
You are confused.
You bump into the rock wall.
Something hits you but does no damage.
You closely miss something. Something hits you.
* * * LOW HITPOINT WARNING * * *
You closely miss something. Your bite misses something. Something hits you.
* * * LOW HITPOINT WARNING * * *
You hear some strange, mumbled words.
A puff of flame appears from out of thin air!
The puff of flame hits you!
* * * LOW HITPOINT WARNING * * *
Unknown command.
You're too confused to cast spells.
Okay, then.
You're too confused to cast spells.
You bump into the rock wall.
Something hits you but does no damage.
You're too confused to move!
You feel less confused.
You hear some strange, mumbled words.
A magic dart appears from out of thin air!
The magic dart hits you.
You die...

#####
#...#########.......#.
....#
#.#.............#.#.#.
###.#
#...#########..#.##.#.
###)### ##.##
##......... #.....#
#.# #.....##.#.
#.###.# ##.####
##>......#. #.# #.#
#.....# ##.######.
#.###.# #..##.# #.# #.
#.....# #.).#@# #.# ##
##.#### #.#.#{# #+#
#.# ###....o## ##.#
#........# #..#
#.###....# ...#######.
#....# ### ..........
....... +.. ...######
##....### ### #..#
.....#


You could see an orc.

Vanquished Creatures
  Natasha (thrice) (D:2)
  An adder (D:2)
  A dart slug (D:1)
  2 orcs (D:2)
  A bat (D:2)
  5 endoplasms
  3 giant cockroaches
  A goblin (D:1)
  4 hobgoblins (D:1)
  2 jackals (D:1)
  3 kobolds
  3 ball pythons
  A frilled lizard (D:2)
  4 rats
34 creatures vanquished.

Vanquished Creatures (others)
  10 foxfires (D:2)
  2 fungi (D:2)
  A plant (D:2)
13 creatures vanquished.

Grand Total: 47 creatures vanquished

Notes
Turn   | Place    | Note
-------+----------+-------------------------------------------
     0 | D:1      | Vylera the Vine Stalker Wanderer began the quest for the
                  | Orb.
     0 | D:1      | Vylera set off with the following items: a +0 dagger, a
                  | scroll of blinking, a +0 ring mail; and the following
                  | spells available to memorise: Freeze, Foxfire, Frozen
                  | Ramparts, Ignite Poison, Ice Form.
     0 | D:1      | Reached XP level 1. HP: 9/9 MP: 3/3
    57 | D:1      | Learned a level 1 spell: Freeze
    59 | D:1      | Learned a level 1 spell: Foxfire
   410 | D:1      | Reached XP level 2. HP: 13/13 MP: 3/5
  1220 | D:2      | Reached XP level 3. HP: 16/16 MP: 6/6
  1292 | D:2      | Learned a level 3 spell: Frozen Ramparts
  1311 | D:2      | Noticed Natasha
  1321 | D:2      | Killed Natasha
  1322 | D:2      | Reached skill level 4 in Ice Magic
  1322 | D:2      | Gained mutation: Your natural rate of healing is unusually
                  | fast. [Vine Stalker growth]
  1322 | D:2      | Reached XP level 4. HP: 4/21 MP: 0/8
  1540 | D:2      | Noticed Natasha
  1546 | D:2      | Killed Natasha
  1590 | D:2      | Noticed Natasha
  1599 | D:2      | Killed Natasha
  1695 | D:2      | Reached XP level 5. HP: 24/24 MP: 10/10
  1696 | D:2      | Found a faded altar of an unknown god.
  1700 | D:2      | Prayed at the altar of an unknown god.
  1700 | D:2      | Became a worshipper of Makhleb the Destroyer
  1700 | D:2      | Reached * piety under Makhleb
  1905 | D:2      | HP: 1/24 [something/puff of flame (6)]
  1907 | D:2      | Killed from afar by an orc wizard

Illustrated notes

Levels and vault maps discovered:
D:1:      psy_arrival_wood_between_worlds, layout_loops_corners
D:2:      layout_loops_corners, shapermc_ecumenical_altar_acropolis, uniq_robin,
          uniq_natasha

Skill      XL: |  1  2  3 |
---------------+----------+-----
Spellcasting   | 2 |  2.7
Ice Magic      | 4 |  4.9
Armour         | |  2.4
Dodging        | |  1.0
Fire Magic     | |  2.0

Action                   |  1- 3 |  4- 6 || total
-------------------------+-------+-------++-------
Melee: Dagger            |    24 |       ||    24
       Bite              |    16 |     7 ||    23
       Trident           |    39 |    39 ||    78
       Punch             |       |     1 ||     1
 Cast: Freeze            |     1 |     6 ||     7
       Foxfire           |     1 |     5 ||     6
Armor: Ring mail         |    13 |    21 ||    34
Dodge: Dodged            |    29 |    22 ||    51

Table legend: (Time is in decaauts)
 A = Elapsed time spent in this place.
 B = Non-inter-level travel time spent in this place.
 C = Inter-level travel time spent in this place.
 D = Time resting spent in this place.
 E = Time spent auto-exploring this place.
 F = Levels seen in this place.
 G = Mean time per level.
                   A        B        C        D        E       F      G
               +--------+--------+--------+--------+--------+-----+--------+
         Total |   1930 |   1899 |     31 |     19 |   1614 |   2 |  965.0 |
       Dungeon |   1930 |   1899 |     31 |     19 |   1614 |   2 |  965.0 |
               +--------+--------+--------+--------+--------+-----+--------+

Top non-repeatable levels by time:
     D:1: 1103 daAuts
     D:2: 827 daAuts
